 Dungeon Crawl Stone Soup version 0.25-a0-544-gee0576305d (webtiles) character file.

Game seed: 5291131666120107387, levelgen mode: deterministic

5587 Lugonue the Carver (level 10, -25/74 HPs)
             Began as a Demonspawn Gladiator on Feb 20, 2020.
             Was a High Priest of Kikubaaqudgha.
             Hit by a large rock thrown by a cyclops (43 damage)
             ... on level 12 of the Dungeon.
             The game lasted 00:19:57 (8315 turns).

Lugonue the Carver (Demonspawn Gladiator)           Turns: 8315, Time: 00:20:11

Health: -25/74     AC:  6    Str: 14    XL:     10   Next: 45%
Magic:  13/13      EV: 17    Int: 13    God:    Kikubaaqudgha [*****.]
Gold:   101        SH:  5    Dex: 17    Spells: 3/13 levels left

rFire    . . .     SeeInvis .   a - +1 long sword (venom)
rCold    x . .     Gourm    .   l - +0 buckler
rNeg     + + .     Faith    .   b - +0 leather armour
rPois    +         Spirit   .   K - +0 helmet of Rationality {rC- MR+ Dex+2 Slay+3}
rElec    +         Reflect  .   t - +1 cloak
rCorr    .         Harm     .   (no gloves)
MR       .....                  (no boots)
Stlth    ++........             (no amulet)
HPRegen  0.22/turn              D - ring "Taom" {Wiz rElec rN++}
MPRegen  0.13/turn              c - ring of poison resistance

@: vulnerable, very slightly contaminated
A: hooves 2, repulsion field 1, powered by pain 2, spiny 3
a: Receive Corpses, Torment, Renounce Religion


You were on level 12 of the Dungeon.
You worshipped Kikubaaqudgha.
Kikubaaqudgha was extremely pleased with you.
You were not hungry.

You visited 1 branch of the dungeon, and saw 11 of its levels.
You also visited: Sewer and Ossuary.

You collected 426 gold pieces.
You spent 325 gold pieces at shops.

Inventory:

Hand Weapons
 a - a +1 long sword of venom (weapon)
Missiles
 d - 3 throwing nets
 h - 17 poisoned darts (quivered)
 A - 3 javelins
 E - a boomerang
Armour
 b - a +0 leather armour (worn)
 k - a +2 hat
 l - a +0 buckler (worn)
 t - a +1 cloak (worn)
 K - the +0 helmet of Rationality (worn) {rC- MR+ Dex+2 Slay+3}
   (You bought it in a shop on level 9 of the Dungeon)

   It affects your dexterity (+2).
   It affects your accuracy and damage with ranged weapons and melee attacks
   (+3).
   It makes you vulnerable to cold.
   It affects your resistance to hostile enchantments.
   If you remove this armour, your AC will decrease by 1 (6 -> 5).
Jewellery
 c - a ring of poison resistance (right hand)
 m - an uncursed ring of protection from magic
 v - an uncursed ring of ice
 D - the ring "Taom" (left hand) {Wiz rElec rN++}
   (You acquired it on level 9 of the Dungeon)

   [ring of wizardry]

   It improves your spell success rate.
   It insulates you from electricity.
   It greatly protects you from negative energy.
 G - an uncursed ring of positive energy
Wands
 C - a wand of acid (5)
 H - a wand of random effects (22)
Scrolls
 e - 7 scrolls of teleportation
 j - a scroll of enchant armour
 q - 3 scrolls of remove curse
 r - a scroll of fear
 B - 2 scrolls of identify
 F - 2 scrolls of enchant weapon
 I - a scroll of brand weapon
Potions
 g - a potion of mutation
 i - a potion of cancellation
 n - a potion of lignification {unknown}
 o - a potion of berserk rage {unknown}
 p - 3 potions of heal wounds
 s - 8 potions of stabbing
 u - 5 potions of curing
 w - a potion of haste {unknown}
 x - 4 potions of might
 z - 2 potions of brilliance {unknown}
Comestibles
 f - 20 rations


   Skills:
 + Level 5.5 Fighting
 + Level 8.7 Long Blades
 + Level 6.3 Throwing
 + Level 3.6 Armour
 + Level 6.1 Dodging
 + Level 3.4 Stealth
 + Level 3.1 Shields
 + Level 2.1 Spellcasting
 + Level 2.1 Necromancy


You had 3 spell levels left.
You knew the following spells:

 Your Spells              Type           Power        Failure   Level  Hunger
a - Pain                  Necr           #...         6%          1    ##.....
b - Agony                 Necr           #.......     80%         5    ######.
c - Animate Dead          Necr           N/A          45%         4    #####..

Your spell library contained the following spells:

 Spells                   Type           Power        Failure   Level  Hunger
 Animate Skeleton         Necr           N/A          6%          1    ##.....
 Sublimation of Blood     Necr           #.........   9%          2    ###....
 Corpse Rot               Necr/Air       N/A          13%         2    ###....
 Beastly Appendage        Tmut           #.....       14%         1    ##.....
 Corona                   Hex            #......      14%         1    ##.....
 Foxfire                  Conj/Fire      #...         14%         1    ##.....
 Freeze                   Ice            #...         14%         1    ##.....
 Vampiric Draining        Necr           #.........   16%         3    ####...
 Slow                     Hex            #.......     21%         2    ###....
 Sticks to Snakes         Tmut           #.......     21%         2    ###....
 Conjure Flame            Conj/Fire      #.......     38%         3    ####...
 Frozen Ramparts          Ice            #.....       38%         3    ####...
 Inner Flame              Hex/Fire       #.......     38%         3    ####...
 Ozocubu's Armour         Chrm/Ice       #.......     38%         3    ####...
 Portal Projectile        Hex/Tloc       #.....       38%         3    ####...
 Spider Form              Tmut/Pois      #.........   38%         3    ####...
 Dispel Undead            Necr           #.......     45%         4    #####..
 Cause Fear               Hex            #.........   77%         4    #####..
 Hailstorm                Conj/Ice       #.......     77%         4    #####..
 Ice Form                 Ice/Tmut       #.......     77%         4    #####..
 Leda's Liquefaction      Hex/Erth       #.........   77%         4    #####..
 Sticky Flame             Conj/Fire      #.......     77%         4    #####..
 Summon Ice Beast         Ice/Summ       #.......     77%         4    #####..
 Excruciating Wounds      Chrm/Necr      #.........   91%         5    ######.
 Blade Hands              Tmut           #.........   97%         5    ######.
 Fireball                 Conj/Fire      #.........   97%         5    ######.
 Death Channel            Necr           #.........   100%        6    #######


Dungeon Overview and Level Annotations

Branches:
Dungeon (12/15)            Temple (0/1) D:4           Sewer (visited)
Ossuary (visited)
   Lair: D:8-11         Orc: D:9-12

Altars:
Cheibriados
Dithmenos
Elyvilon
Fedhas
Gozag
Kikubaaqudgha
Makhleb
Okawaru
Qazlal
Ru
Sif Muna
Vehumet
Zin
The Shining One

Shops:
D:5 *}   D:6 :   D:8 =   D:9 *


Innate Abilities, Weirdness & Mutations

You have hoof-like feet.
You are surrounded by a mild repulsion field. (EV +2)
You sometimes gain power by taking damage.
You are completely covered in sharp spines.


Message History

Aim: a wyvern (lightly wounded, poisoned)
You throw a poisoned dart.
The poisoned dart closely misses the wyvern.
Something barely misses you. Something bites you but does no damage.
The big kobold throws a stone.
The stone hits you. The wyvern misses you. Something hits you!
* * * LOW HITPOINT WARNING * * *
Something bites you.
* * * LOW HITPOINT WARNING * * *
The wyvern bites you but does no damage.
You climb downwards.
Reactivating autopickup. 2 adders, 4 slime creatures and a cyclops come into view.
The cyclops shouts!
The slime creature quivers.
The adder hisses angrily.
You hear a shout! x2
The cyclops throws a large rock.
The large rock hits you!!!
Ouch! That really hurt!
You die...
Kikubaaqudgha rasps: "You have failed me!
Welcome... death!"

##############
#.........C...
#....S......!.
#.............
#.....@.......
#..J.l........
#...J..S......
#.....J.....%.
#..J........".
#[.[..........
##############


You could see 4 slime creatures, a cyclops, a wyvern and 2 adders.

Vanquished Creatures
  Grinder (D:5)
  A hippogriff (D:9)
  4 hogs (D:8)
  A human (D:8)
  A hungry ghost (D:7)
  A water moccasin (D:9)
  An ice beast (D:7)
  3 sky beasts
  2 phantoms
  6 ogres
  4 centaurs
  A big kobold (Sewer)
  Blork the orc (D:6)
  5 bullfrogs
  A water moccasin zombie (Ossuary)
  A water moccasin skeleton (D:8)
  3 scorpions
  5 killer bees (D:8)
  An electric eel (D:9)
  10 crimson imps
  2 bullfrog zombies
  2 jellies
  6 hounds
  7 orc priests
  A bullfrog skeleton (D:5)
  3 iguanas
  9 worker ants
  13 orc wizards
  2 big kobold zombies (Ossuary)
  2 mummies (Ossuary)
  A worker ant zombie (D:7)
  A howler monkey skeleton (D:7)
  8 adders
  11 river rats (Sewer)
  3 shadow imps
  2 oozes
  5 adder zombies (Ossuary)
  An adder skeleton (D:6)
  3 worms
  2 dart slugs (D:1)
  4 leopard geckos
  31 orcs
  7 giant cockroaches
  6 goblins
  3 hobgoblins
  4 jackals
  A quokka (D:7)
  8 ball pythons
  3 bats
  5 frilled lizards
  4 gnoll zombies (Ossuary)
  A hobgoblin zombie (Ossuary)
  A jackal skeleton (D:8)
  2 jackal zombies
  21 kobolds
  6 kobold zombies (Ossuary)
  A leopard gecko skeleton (D:6)
  A leopard gecko zombie (D:5)
  3 orc zombies (Ossuary)
  A quokka skeleton (D:6)
  A quokka zombie (D:5)
  16 rats
267 creatures vanquished.

Notes
Turn   | Place    | Note
-------+----------+-------------------------------------------
     0 | D:1      | Lugonue the Demonspawn Gladiator began the quest for the
                  | Orb.
     0 | D:1      | Reached XP level 1. HP: 16/16 MP: 1/1
   170 | D:1      | Gained mutation: You are partially covered in sharp spines.
                  | [demonic ancestry]
   170 | D:1      | Reached XP level 2. HP: 13/22 MP: 2/2
   752 | D:1      | Reached skill level 3 in Long Blades
  1263 | D:2      | Found a shimmering blue altar of Sif Muna.
  1264 | D:2      | Found an ancient bone altar of Kikubaaqudgha.
  1264 | D:2      | Found a radiant altar of Vehumet.
  1266 | D:2      | Identified Kikubaaqudgha's Guide on Evil
  1269 | D:2      | Became a worshipper of Kikubaaqudgha
  1313 | D:2      | Reached XP level 3. HP: 24/27 MP: 3/3
  1379 | D:2      | Learned a level 1 spell: Pain
  1851 | D:3      | Found a burning altar of Makhleb.
  1854 | D:3      | Gained mutation: You are mostly covered in sharp spines.
                  | [demonic ancestry]
  1854 | D:3      | Reached XP level 4. HP: 32/33 MP: 4/4
  2081 | D:3      | You fall into a shaft and drop 1 floor!
  2152 | D:4      | Reached skill level 4 in Long Blades
  2152 | D:4      | Reached skill level 1 in Armour
  2165 | D:4      | Reached * piety under Kikubaaqudgha
  2165 | D:4      | Identified Kikubaaqudgha's Compendium of Dark Magic
                  | (Kikubaaqudgha gifted it to you on level 4 of the Dungeon)
  2165 | D:4      | Received a gift from Kikubaaqudgha
  2165 | D:4      | Gained mutation: You have large cloven feet. [demonic
                  | ancestry]
  2165 | D:4      | Reached XP level 5. HP: 14/38 MP: 4/6
  2365 | D:4      | Reached skill level 1 in Stealth
  2382 | D:4      | Gained mutation: You have hoof-like feet. [demonic
                  | ancestry]
  2382 | D:4      | Reached XP level 6. HP: 28/44 MP: 7/7
  2784 | D:4      | Found a staircase to the Ecumenical Temple.
  2878 | D:4      | Gained mutation: You sometimes gain a little power by
                  | taking damage. [demonic ancestry]
  2878 | D:4      | Reached XP level 7. HP: 34/50 MP: 8/8
  3366 | D:5      | Entered Level 5 of the Dungeon
  3396 | D:5      | Reached skill level 5 in Long Blades
  3454 | D:5      | Found Wiumoahuru's Gadget Boutique.
  3599 | D:5      | Reached skill level 1 in Spellcasting
  3629 | D:5      | Found a glowing drain.
  3644 | Sewer    | Entered a sewer
  3683 | Sewer    | Reached ** piety under Kikubaaqudgha
  4036 | Sewer    | Gained mutation: You sometimes gain power by taking damage.
                  | [demonic ancestry]
  4036 | Sewer    | Reached XP level 8. HP: 58/58 MP: 9/9
  4354 | D:5      | Learned a level 5 spell: Agony
  4386 | D:5      | Reached *** piety under Kikubaaqudgha
  4386 | D:5      | Identified Kikubaaqudgha's Incunabulum of Darkness
                  | (Kikubaaqudgha gifted it to you on level 5 of the Dungeon)
  4386 | D:5      | Received a gift from Kikubaaqudgha
  4405 | D:5      | Reached skill level 1 in Shields
  4459 | D:5      | Found a blossoming altar of Fedhas.
  4633 | D:5      | Found Zin's Purification Station.
  4633 | D:5      | Found a glowing silver altar of Zin.
  4683 | D:5      | Noticed Grinder
  4698 | D:5      | Killed Grinder
  4698 | D:5      | Reached skill level 6 in Long Blades
  4853 | D:6      | Reached skill level 5 in Throwing
  4853 | D:6      | Reached skill level 1 in Necromancy
  4869 | D:6      | Found a sand-covered staircase.
  4877 | Ossuary  | Entered an ossuary
  5258 | D:6      | Gained mutation: You are surrounded by a mild repulsion
                  | field. (EV +2) [demonic ancestry]
  5258 | D:6      | Reached XP level 9. HP: 65/65 MP: 10/10
  5323 | D:6      | Found Nuibid Dorph's Book Shoppe.
  5351 | D:6      | Reached **** piety under Kikubaaqudgha
  5486 | D:6      | Noticed Blork the orc
  5497 | D:6      | Killed Blork the orc
  5744 | D:6      | Reached skill level 5 in Dodging
  5854 | D:6      | Found a shadowy altar of Dithmenos.
  5854 | D:6      | Found a glowing golden altar of the Shining One.
  5854 | D:6      | Found a snail-covered altar of Cheibriados.
  5854 | D:6      | Found a sacrificial altar of Ru.
  5855 | D:6      | Found a white marble altar of Elyvilon.
  5855 | D:6      | Found an opulent altar of Gozag.
  6164 | D:7      | Reached skill level 7 in Long Blades
  6292 | D:7      | Reached skill level 5 in Fighting
  6804 | D:7      | Reached ***** piety under Kikubaaqudgha
  7166 | D:8      | Reached skill level 8 in Long Blades
  7181 | D:8      | Found a stormy altar of Qazlal.
  7367 | D:8      | Gained mutation: You are completely covered in sharp
                  | spines. [demonic ancestry]
  7367 | D:8      | Reached XP level 10. HP: 48/74 MP: 12/12
  7679 | D:8      | Found Qunitunt's Jewellery Shoppe.
  7947 | D:9      | Learned a level 4 spell: Animate Dead
  7948 | D:9      | Identified a scroll of acquirement
  7948 | D:9      | Identified the ring "Taom" {Wiz rElec rN++} (You acquired
                  | it on level 9 of the Dungeon)
  7977 | D:9      | Found an iron altar of Okawaru.
  8040 | D:9      | Found Leniod Ank's Assorted Antiques.
  8049 | D:9      | Bought a scroll of teleportation for 78 gold pieces
  8049 | D:9      | Bought a fine helmet for 247 gold pieces
  8060 | D:9      | Identified the +0 helmet of Rationality {rC- MR+ Dex+2
                  | Slay+3} (You bought it in a shop on level 9 of the Dungeon)
  8290 | D:9      | You fall into a shaft and drop 3 floors!
  8290 | D:12     | Noticed a two-headed ogre
  8290 | D:12     | Noticed a deep elf mage
  8291 | D:12     | Noticed a death knight
  8291 | D:12     | Noticed a skeletal warrior
  8291 | D:12     | Noticed a skeletal warrior
  8291 | D:12     | Noticed a skeletal warrior
  8294 | D:11     | Noticed a four-headed hydra
  8315 | D:12     | Noticed a cyclops
  8315 | D:12     | Hit by a large rock thrown by a cyclops

Levels and vault maps discovered:
D:1:      lightli_arrival_maybe_door_vault, layout_basic,
          kennysheep_another_room, minmay_splitting_lines
D:2:      layout_rooms, grunt_temple_overflow_magic_moments, first_ration
D:3:      layout_loops_ring, lemuel_crystal_altar, uniq_crazy_yiuf_cottage
D:4:      layout_basic, minmay_temple_entry_proselytizer
D:5:      layout_loops_ring, zin_purify, serial_shops, kennysheep_little_box,
          gup_sewer_entry_pipe, fedhas_altar_2, uniq_grinder
D:6:      layout_loops_corners, grunt_temple_overflow_open, serial_shops,
          nicolae_shop_behind_doors, nicolae_ossuary_entry_monument,
          grunt_ministairs_11, minmay_door_square, uniq_blork_the_orc
D:7:      layout_basic, minmay_manual_mess
D:8:      layout_gridville, lemuel_doored_altar, serial_shops,
          nicolae_shop_stone, grunt_livestock
D:9:      layout_loops_ring, okawaru_trees_2, serial_shops,
          nicolae_shop_window_shopping, minivault_4
D:11:     layout_rooms, serial_shops, nicolae_shop_overgrown_old_shop,
          roderic_nine_men_s_morris
D:12:     layout_cross, david_orc_2

Skill      XL: |  1  2  3  4  5  6  7  8  9 10 |
---------------+-------------------------------+-----
Dodging        | 3 4 5 6 |  6.1
Long Blades    | 3 4 5 6 8 |  8.7
Throwing       | 2 3 4 5 6 |  6.3
Armour         | 1 2 3 |  3.6
Stealth        | 1 2 3 |  3.4
Spellcasting   | 1 2 |  2.1
Fighting       | 3 4 5 |  5.5
Shields        | 1 2 3 |  3.1
Necromancy     | 1 2 |  2.1

Action                   |  1- 3 |  4- 6 |  7- 9 | 10-12 || total
-------------------------+-------+-------+-------+-------++-------
Melee: Long sword        |    64 |    52 |   391 |    53 ||   560
       Kick              |       |    12 |   132 |    17 ||   161
Throw: Dart              |    21 |    37 |    63 |    30 ||   151
 Cast: Pain              |     2 |     1 |     7 |     9 ||    19
  Use: Scroll            |     3 |       |    14 |     6 ||    23
       Potion            |       |     1 |     1 |       ||     2
 Stab: Sleeping          |     2 |       |     3 |       ||     5
       Distracted        |       |       |     1 |       ||     1
  Eat: Chunk             |     3 |     3 |     8 |     2 ||    16
       Ration            |       |       |     3 |     1 ||     4
Armor: Leather armour    |    14 |    16 |    64 |    10 ||   104
Dodge: Dodged            |    42 |    20 |   226 |    57 ||   345
Block: Buckler           |       |     5 |    79 |    16 ||   100
       Rpst.: Long sword |    14 |     7 |    66 |    12 ||    99

Table legend:
 A = Non-vault XP
 B = Vault XP
 C = Vault XP percentage of total XP
 D = Non-vault monster count
 E = Vault monster count
 F = Vault count percentage of total count
                 A         B        C        D         E       F
            +---------+---------+-------+---------+---------+-------
      Total |    5796 |    2186 |  27.4 |     180 |      87 |  32.6
            +---------+---------+-------+---------+---------+-------
        D:1 |      30 |       0 |   0.0 |      17 |       0 |   0.0
        D:2 |      66 |       0 |   0.0 |      19 |       0 |   0.0
        D:3 |       8 |       0 |   0.0 |       4 |       0 |   0.0
        D:4 |     732 |      41 |   5.3 |      21 |       1 |   4.5
        D:5 |     755 |     296 |  28.2 |      22 |       5 |  18.5
        D:6 |    1014 |     185 |  15.4 |      32 |       3 |   8.6
        D:7 |    1060 |     186 |  14.9 |      31 |       1 |   3.1
        D:8 |     986 |     965 |  49.5 |      19 |       5 |  20.8
        D:9 |    1059 |       0 |   0.0 |      11 |       0 |   0.0
       D:11 |      86 |       0 |   0.0 |       4 |       0 |   0.0
      Sewer |       0 |     307 | 100.0 |       0 |      48 | 100.0
    Ossuary |       0 |     206 | 100.0 |       0 |      24 | 100.0
            +---------+---------+-------+---------+---------+-------
